Map: 紫晶浪漫-天梯版

Players

TIME (Oliveira)

  • Race: Terran Terran
  • League: Grandmaster

cyan - Winner!

  • Race: Protoss Protoss
  • League: Grandmaster

Event: DreamHack SC2 Masters 2021 Winter

VOD

Have the link to the VOD?

Description

Time

  • Played on: Oct. 10, 2021, 10 a.m.
  • Length: 14:03

All games in this series

Show
View Real Time Build Order
Export as new Build Order

TIME Terran 

Build Orders: Reaper Expand 

Get SALT Encoding   

  12  0:00  SCV  
  13  0:12  SCV  
  14  0:17  Supply Depot  
  14  0:24  SCV  
  15  0:39  SCV  
  15  0:40  Barracks  
  16  0:43  Refinery  
  16  0:51  SCV  
  17  1:03  SCV  
  18  1:15  SCV  
  19  1:29  Reaper, Orbital Command  
  20  1:39  Command Center  
  20  1:48  Supply Depot  
  20  1:54  SCV  
  20  2:01  Marine  
  22  2:07  SCV  
  23  2:09  Factory  
  23  2:19  SCV  
  23  2:21  Barracks Reactor  
  24  2:24  Refinery  
  24  2:28  Bunker  
  24  2:31  SCV  
  25  2:43  SCV  
  26  2:53  Hellion, Orbital Command  
  26  2:57  Starport, SCV  
  29  2:59  Marine, Orbital Command  
  29  3:01  Marine  
  31  3:09  SCV  
  32  3:16  Factory Tech Lab  
  32  3:20  Marine  
  32  3:21  SCV, Marine  
  32  3:25  SCV  
  32  3:26  Supply Depot  
  36  3:36  SCV  
  36  3:38  Marine x2  
  36  3:40  Factory Tech Lab  
  39  3:41  Raven  
  39  3:43  SCV  
  43  3:48  SCV  
  43  3:55  Command Center  
  43  3:56  SCV  
  44  4:04  Siege Tank  
  44  4:05  SCV  
  44  4:08  Marine  
  44  4:09  Supply Depot, Marine  
  48  4:18  SCV x2  
  50  4:30  SCV  
  51  4:32  Barracks  
  51  4:34  SCV  
  51  4:35  Barracks  
  51  4:36  Siege Tank  
  51  4:37  Supply Depot  
  55  4:41  Marine  
  55  4:43  SCV  
  55  4:45  Stimpack  
  57  4:48  SCV  
  57  4:50  Engineering Bay  
  57  4:52  Refinery  
  58  4:55  SCV  
  58  4:59  Supply Depot  
  59  5:00  SCV  
  59  5:01  Marine  
  61  5:07  SCV, Orbital Command  
  61  5:12  SCV  
  61  5:23  Marine x2  
  61  5:25  Marauder  
  61  5:26  SCV  
  65  5:35  SCV  
  62  5:37  SCV  
  62  5:40  Marauder  
  62  5:41  Combat Shield  
  63  5:42  SCV  
  63  5:47  SCV, Marine x2  
  63  5:48  Marauder  
  63  5:49  Terran Infantry Weapons Level 1  
  67  5:50  SCV  
  67  5:55  SCV, Factory Reactor  
  67  5:56  Starport Reactor  
  67  5:59  SCV  
  67  6:02  SCV  
  67  6:03  Marauder  
  71  6:04  Barracks  
  71  6:05  Barracks  
  71  6:06  Marine  
  71  6:07  SCV, Marine  
  71  6:11  SCV  
  71  6:14  Marauder  
  71  6:15  Refinery  
  75  6:25  Marauder, Supply Depot  
  76  6:27  Concussive Shells  
  76  6:28  SCV  
  76  6:29  Orbital Command  
  76  6:30  SCV  
  78  6:35  Marine  
  78  6:36  Marine  
  78  6:37  Marauder  
  80  6:41  SCV  
  80  6:43  SCV  
  80  6:46  Marauder, Supply Depot, Medivac x2  
  92  6:47  Widow Mine x2  
  92  6:53  Barracks Reactor, SCV, Barracks Tech Lab  
  93  6:55  SCV  
  93  6:57  SCV  
  95  7:01  Marine  
  95  7:02  Marauder, Marine  
  95  7:06  SCV  
  95  7:07  SCV  
  95  7:08  Marine  
  102  7:09  Supply Depot, SCV  
  102  7:10  Supply Depot  
  102  7:14  Widow Mine x2  
  107  7:17  Medivac  
  109  7:27  Missile Turret, Supply Depot  
  109  7:30  Supply Depot  
  109  7:31  Marauder, SCV x3, Medivac, Marine x2  
  117  7:42  Engineering Bay  
  117  7:43  SCV x3, Armory  
  117  7:51  Marine  
  117  7:54  Marine  
  117  7:55  Marauder, SCV x2  
  116  7:58  SCV  
  116  8:04  Marine  
  113  8:07  SCV x2  
  113  8:10  Marauder x2, SCV  
  113  8:11  Supply Depot  
  120  8:15  Medivac x2  
  120  8:16  Widow Mine  
  120  8:19  SCV  
  125  8:20  SCV  
  125  8:23  SCV  
  126  8:27  Terran Infantry Armor Level 1  
  126  8:29  Marauder  
  126  8:31  SCV  
  126  8:34  Widow Mine  
  131  8:36  Command Center  
  131  8:38  SCV  
  131  8:40  SCV  
  133  8:44  Missile Turret  
  133  8:48  Viking x2  
  137  8:49  SCV  
  137  8:50  SCV  
  137  8:52  SCV  
  140  8:56  Refinery  
  140  8:57  Supply Depot, Refinery  
  140  9:00  Terran Infantry Weapons Level 2  
  140  9:02  SCV  
  141  9:03  SCV  
  141  9:05  SCV  
  142  9:11  Marauder, Widow Mine x2  
  142  9:14  Supply Depot, Marine  
  149  9:18  Marine  
  149  9:19  Marauder x2  
  149  9:21  Viking  
  149  9:23  Marine  
  157  9:25  SCV  
  157  9:27  Marine  
  157  9:30  SCV  
  157  9:33  Sensor Tower  
  157  9:35  Ghost Academy, Viking  
  157  9:36  Marauder  
  161  9:40  Marauder  
  161  9:41  Bunker  
  161  9:42  Supply Depot  
  161  9:43  Widow Mine, Supply Depot  
  165  9:48  Widow Mine, SCV x2, Marine  
  165  9:51  SCV  
  173  9:55  Marine x2  
  173  9:58  Viking  
  173  9:59  Missile Turret  
  177  10:04  Ghost x3  
  181  10:09  Enhanced Shockwaves  
  181  10:15  SCV  
  181  10:21  SCV  
  183  10:25  SCV  
  184  10:30  Planetary Fortress  
  184  10:32  Viking x2  
  184  10:34  Ghost  
  190  10:42  Marauder  
  192  10:45  Barracks x2  
  192  10:46  Barracks  
  192  10:47  Marine x2  
  192  10:48  Marauder  
  192  10:49  Terran Infantry Armor Level 2  
  191  10:58  Widow Mine x2  
  191  11:03  SCV  
  194  11:14  SCV x2  
  194  11:16  Marine  
  187  11:27  Marine x3  
  187  11:28  Marauder x2  
  187  11:29  SCV  
  185  11:34  Command Center  
  185  11:36  Barracks Reactor, Barracks Tech Lab  
  185  11:37  Barracks Tech Lab, Ghost  
  185  11:39  SCV x2  
  187  11:48  Ghost  
  187  11:49  SCV  
  190  11:55  Bunker, Command Center  
  190  11:57  Viking x2, Marine x2  
  195  12:16  Widow Mine  
  195  12:17  Marine  
  196  12:29  Marine  
  196  12:30  Marauder x2  
  196  12:32  Marauder x2, Marine x2  
  196  12:34  Marauder  
  196  12:36  Marine  
  190  12:38  Widow Mine  
  190  12:42  Marine  
  190  12:43  Marine  
  188  12:51  Marauder, Ghost  
  188  12:54  Marauder  
  154  12:59  Marauder x2, SCV, Marine x4  
  154  13:01  Viking x2  
  154  13:02  SCV x2  
  154  13:05  Widow Mine x2  
  169  13:06  Marine x2  
  170  13:13  Marauder  
  170  13:14  Ghost  
  170  13:16  Marine  
  170  13:17  Marine  
  174  13:20  Marauder  
  174  13:26  Marauder, SCV, Marine x2  
  172  13:29  Marine x2  
  172  13:30  SCV  
  172  13:33  SCV  
  162  13:36  Marauder  
  162  13:37  Marine x2  
Show
View Real Time Build Order
Export as new Build Order

cyan Protoss - Winner!

Build Orders: 1 Gate Expand, Blink Stalkers 

Get SALT Encoding   

  12  0:00  Probe  
  13  0:12  Probe  
  14  0:17  Pylon  
  14  0:24  Probe (Chrono Boost)  
  15  0:36  Probe (Chrono Boost)  
  15  0:37  Gateway  
  16  0:45  Probe (Chrono Boost)  
  16  0:46  Assimilator  
  17  0:51  Probe  
  18  1:03  Probe  
  19  1:15  Probe  
  20  1:25  Cybernetics Core  
  20  1:34  Nexus  
  20  1:35  Probe  
  21  1:44  Pylon  
  21  1:47  Probe  
  21  1:52  Assimilator  
  22  1:59  Probe  
  22  2:00  Adept (Chrono Boost)  
  23  2:01  Warp Gate  
  25  2:11  Probe (Chrono Boost)  
  26  2:21  Probe (Chrono Boost)  
  27  2:25  Twilight Council  
  27  2:26  Probe (Chrono Boost)  
  28  2:32  Stalker  
  30  2:37  Probe  
  31  2:46  Probe  
  31  2:49  Gateway  
  31  2:50  Probe  
  33  2:55  Blink (Chrono Boost)  
  33  2:58  Probe  
  34  3:02  Probe  
  35  3:10  Probe  
  35  3:12  Stalker  
  38  3:14  Probe  
  39  3:22  Probe  
  39  3:26  Probe  
  41  3:28  Robotics Facility  
  41  3:31  Gateway  
  41  3:34  Probe  
  41  3:38  Probe  
  43  3:46  Probe  
  43  3:47  Gateway  
  44  3:50  Pylon  
  44  3:52  Probe  
  44  3:53  Pylon  
  45  3:58  Probe  
  46  4:08  Stalker x2  
  50  4:13  Probe  
  50  4:14  Warp Prism (Chrono Boost)  
  50  4:15  Probe  
  50  4:25  Stalker  
  50  4:28  Probe  
  50  4:30  Pylon  
  53  4:33  Stalker  
  53  4:34  Stalker  
  53  4:37  Probe  
  58  4:39  Assimilator  
  58  4:40  Probe  
  58  4:44  Stalker  
  58  4:45  Observer  
  63  4:57  Pylon  
  62  5:03  Stalker x2  
  62  5:05  Stalker  
  62  5:06  Probe x2  
  70  5:08  Assimilator  
  70  5:09  Stalker  
  70  5:20  Probe  
  67  5:26  Stalker x3  
  63  5:36  Warp Prism  
  63  5:38  Probe  
  63  5:40  Probe  
  63  5:42  Observer  
  67  5:44  Observer, Templar Archives  
  67  5:45  Forge  
  67  5:48  Nexus  
  67  5:50  Probe  
  68  5:58  Charge (Chrono Boost)  
  68  6:00  Probe  
  68  6:01  Pylon  
  68  6:02  Protoss Ground Armor Level 1 (Chrono Boost)  
  69  6:06  Psionic Storm  
  69  6:12  Probe  
  69  6:16  Gateway  
  69  6:17  Gateway  
  70  6:21  Gateway  
  70  6:23  Gateway  
  70  6:28  Probe  
  70  6:29  Probe  
  69  6:40  High Templar x2  
  69  6:42  Zealot x2  
  69  6:43  Probe x2, Shield Battery  
  69  6:45  Shield Battery  
  77  6:51  Observer  
  78  6:55  Probe  
  78  6:56  Probe  
  78  6:58  Shield Battery  
  78  7:00  Pylon  
  80  7:03  High Templar, Pylon  
  80  7:06  Zealot  
  80  7:08  Probe  
  85  7:11  Zealot  
  85  7:13  Probe x2  
  90  7:18  Zealot x3  
  90  7:21  High Templar  
  97  7:24  Observer  
  97  7:27  Zealot x2  
  97  7:28  Probe  
  103  7:30  Probe x2  
  103  7:31  Assimilator  
  105  7:37  Assimilator  
  105  7:40  Probe, Pylon  
  105  7:41  Zealot, Sentry  
  105  7:44  Probe  
  109  7:52  Forge  
  109  7:53  Zealot x4  
  109  8:11  Probe x3  
  104  8:20  Photon Cannon  
  104  8:21  High Templar x2, Protoss Ground Armor Level 2 (Chrono Boost)  
  104  8:22  Shield Battery  
  108  8:28  Nexus  
  108  8:29  Protoss Ground Weapons Level 1 (Chrono Boost), Pylon  
  108  8:36  Probe x2, Pylon  
  110  8:41  Zealot, High Templar x2  
  110  8:42  Zealot x2  
  110  8:45  Archon  
  120  8:49  Pylon  
  120  8:51  Robotics Bay, Shield Battery  
  120  8:52  Gateway  
  120  8:57  Gateway  
  120  8:59  Robotics Facility  
  120  9:03  Probe  
  120  9:06  Zealot  
  120  9:07  Immortal (Chrono Boost)  
  123  9:11  Probe  
  123  9:16  Zealot x2  
  132  9:26  Zealot x3  
  132  9:28  Probe  
  132  9:30  Probe x2  
  141  9:39  Colossus (Chrono Boost)  
  141  9:44  Extended Thermal Lance  
  147  9:46  Dark Shrine  
  147  9:51  Photon Cannon  
  147  9:52  Colossus (Chrono Boost)  
  153  9:56  Probe x2  
  153  9:57  Probe  
  153  9:58  Probe  
  157  10:11  Assimilator  
  157  10:14  Assimilator  
  157  10:15  High Templar  
  157  10:16  Gateway, High Templar  
  157  10:17  Gateway, Pylon  
  157  10:20  Photon Cannon  
  161  10:26  Stalker  
  163  10:29  Pylon x2  
  163  10:31  Pylon  
  161  10:42  Stalker x2, Colossus (Chrono Boost)  
  169  10:46  Colossus (Chrono Boost)  
  177  10:53  Stalker x5  
  187  10:57  Stalker, Shadow Stride (Chrono Boost)  
  185  11:11  Protoss Ground Armor Level 3 (Chrono Boost)  
  185  11:14  Protoss Ground Weapons Level 2 (Chrono Boost)  
  160  11:30  Colossus (Chrono Boost)  
  150  11:37  Zealot x2  
  150  11:38  Zealot x10  
  180  11:52  Colossus (Chrono Boost)  
  176  11:58  Sentry  
  176  11:59  Sentry  
  176  12:01  Nexus  
  184  12:02  Pylon  
  176  12:11  Dark Templar x4  
  180  12:23  Stalker x2  
  180  12:24  Zealot x4  
  178  12:37  Zealot x2  
  180  12:45  Colossus  
  180  12:50  Archon  
  178  12:53  Zealot  
  178  12:54  Zealot x9  
  178  12:55  Archon  
  182  13:05  Zealot x2  
  184  13:07  Gravitic Boosters (Chrono Boost)  
  174  13:17  Zealot  
  174  13:18  Zealot x4  
  178  13:27  Zealot x2  
  178  13:28  Zealot x2  
  178  13:31  Zealot x2  
  178  13:32  Zealot  
  188  13:46  Archon  
  165  13:51  Zealot x3  

Tags
 
Add a new tag
Caveats
  • Supply blocks, unpowered buildings, or Contaminate may cause inaccurate times.
  • Supply counts are checked every 10 seconds.